 Dungeon Crawl Stone Soup version 0.32-a0-913-g739538afd8 (webtiles) character file.

Game seed: 368298516235111751

2809 HilariousDeathArtist the Ducker (level 9, -7/56 HPs)
             Began as a Tengu Shapeshifter on Apr 9, 2024.
             Was an Initiate of Cheibriados.
             Mangled by Erica
             ... wielding a +2 scimitar of flaming
              (9 damage)
             ... on level 8 of the Dungeon.
             The game lasted 00:07:39 (5820 turns).

HilariousDeathArtist the Ducker (TeSh)              Turns: 5820, Time: 00:07:40

Health: -7/56      AC:  5    Str: 16    XL:     9   Next: 72%
Magic:  6/10       EV: 11    Int: 12    God:    Cheibriados [......]
Gold:   340        SH:  0    Dex: 24    Spells: 5/8 levels left

rFire   . . .        a - +5 dagger (drain)
rCold   + . .        (no shield)
rNeg    . . .        u - +0 leather armour
rPois   .            (helmet restricted)
rElec   .            z - +0 cloak
rCorr   .            g - +0 pair of gloves
SInv    .            (boots unavailable)
Will    .....        (no amulet)
Stlth   ++++         o - +6 ring of dexterity
HPRegen 0.29/turn    C - ring of protection from cold {rC+, !d}
MPRegen 0.12/turn

%: acrobat
@: flying, very slightly contaminated, constricted, very slow
A: beak, talons 3, evasive flight, acrobatic
a: Renounce Religion


You were on level 8 of the Dungeon.
You worshipped Cheibriados.
Cheibriados was noncommittal.
You visited 2 branches of the dungeon, and saw 9 of its levels.

You collected 340 gold pieces.

Inventory:

Hand Weapons
 a - a +5 dagger of draining (weapon)
   (You took it off a goblin on level 1 of the Dungeon)
 b - a +4 dagger of freezing
   (You took it off a goblin on level 1 of the Dungeon)
 w - a +2 orcbow of flaming
   (You took it off a centaur on level 7 of the Dungeon)
 A - a +3 quarterstaff of chaos
   (You took it off Crazy Yiuf on level 5 of the Dungeon)
Missiles
 h - 6 silver javelins
 k - 2 poisoned darts
 s - 50 stones
 v - 5 boomerangs
 E - 3 darts of dispersal {=f}
Armour
 g - a +0 pair of gloves (worn)
   (You found it on level 1 of the Dungeon)
 n - a scarf of harm
   (You found it on level 4 of the Dungeon)
 u - a +0 leather armour (worn)
   (You found it on level 5 of the Dungeon)
 z - a +0 cloak (worn)
   (You took it off Crazy Yiuf on level 5 of the Dungeon)
Magical Staves
 l - a staff of fire {rF+}
   (You found it on level 5 of the Dungeon)
Jewellery
 o - a +6 ring of dexterity (left hand)
   (You found it on level 3 of the Dungeon)
 C - a ring of protection from cold (right hand) {rC+, !d}
   (You found it on level 6 of the Dungeon)
 I - a +6 ring of intelligence
   (You found it on level 1 of the Dungeon)
Talismans
 c - a beast talisman
 d - a flux talisman
Wands
 i - a wand of iceblast (8)
   (You found it on level 6 of the Dungeon)
 j - a wand of polymorph (6)
   (You took it off Ijyb on level 5 of the Dungeon)
 q - a wand of quicksilver (2)
   (You found it on level 4 of the Dungeon)
Scrolls
 e - a scroll of torment {!r}
 f - a scroll of revelation
 m - a scroll of poison {!r}
 t - a scroll of butterflies
 x - a scroll of noise {!r}
 y - a scroll of enchant weapon
 D - a scroll of blinking {!r}
 F - a scroll of fear {unknown}
 K - 3 scrolls of immolation {!r}
 V - a scroll of vulnerability {!r!r}
 Y - 4 scrolls of teleportation {@r3}
Potions
 p - 3 potions of degeneration {unknown}
 r - 2 potions of enlightenment
 B - a potion of mutation {unknown}
 J - 5 potions of curing {@q1}
 M - a potion of magic
 P - 3 potions of lignification {!q}


   Skills:
 + Level 6.9 Fighting
 - Level 4.0 Short Blades
 + Level 3.2 Ranged Weapons
 + Level 7.8 Dodging
 + Level 7.4 Stealth
 - Level 3.3 Unarmed Combat
 - Level 3.0 Shapeshifting


You had 5 spell levels left.
You knew the following spells:

 Your Spells              Type           Power      Damage    Failure   Level
b - Blink                 Tloc           0%         N/A       52%         2
g - Apportation           Tloc           0%         N/A       38%         1

Your spell library contained the following spells:

 Spells                   Type           Power      Damage    Failure   Level
 Jinxbite                 Hex            0%         N/A       52%         2
 Lesser Beckoning         Tloc           0%         N/A       52%         2
 Momentum Strike          Conj/Tloc      0%         3d8       52%         2
 Alistair's Intoxication  Alch           0%         N/A       100%        5


Dungeon Overview and Level Annotations

Branches:
Dungeon (8/15)             Temple (1/1) D:7
   Lair: D:8-11

Altars:
Ashenzari
Cheibriados
Dithmenos
Elyvilon
Hepliaklqana
Kikubaaqudgha
Makhleb
Nemelex Xobeh
Qazlal
Ru
Sif Muna
Trog
Vehumet
Wu Jian
Xom
Yredelemnul
Zin
The Shining One

Shops:
D:8 [

Annotations:
D:8 Erica


Innate Abilities, Weirdness & Mutations

You have a beak for a mouth.
You have claws for feet.
Your magical flight helps you evade attacks. (EV +4)
You can magically evade attacks while moving or waiting.


Message History

The wolf closely misses you. Grum completely misses you.
The wolf barely misses you.
You shoot an arrow. The arrow barely misses the wolf.
The arrow hits Grum.
The arrow burns Grum.
The wolf barely misses you.
Grum hits you from afar with a -2 antimagic halberd!
You feel your power leaking away. The wolf closely misses you.
Grum barely misses you.
You take 8 damage, and have 40/56 hp.
You now have 7/10 mp.
You shoot an arrow. The arrow hits the wolf.
The arrow burns the wolf.
The wolf closely misses you. The wolf completely misses you.
Grum completely misses you.
You shoot an arrow. The arrow misses the wolf.
The arrow hits Grum!
The arrow burns Grum.
The wolf barely misses you. The wolf misses you. Grum misses you.
The wolf misses you. Grum completely misses you.
You shoot an arrow. The arrow hits the wolf!
The arrow burns the wolf.
You kill the wolf!
Cheibriados thoroughly appreciates the change of pace.
Grum closely misses you.
Your Ranged Weapons skill increases to level 3!
Grum completely misses you.
You shoot an arrow. The arrow hits Grum!
The arrow burns Grum.
Grum closely misses you.
You shoot an arrow. The arrow hits Grum but does no damage.
Grum completely misses you. x2
You shoot an arrow. The arrow hits Grum!
The arrow burns Grum.
You kill Grum!
Cheibriados appreciates the change of pace.
You now have 340 gold pieces (gained 19).
Things that are here:
a -2 antimagic halberd; a +0 animal skin; the gnoll corpse of Grum
There is an open door, spattered with blood here.
Found a stone staircase leading up.
You hear the creaking of a very distant portcullis.
Erica and a sky beast come into view.
Erica is wielding a +2 scimitar of flaming.
You regained 8 hp, and now have 54/56 hp.
MP restored: 10 Unknown command.
Okay, then.
You shoot an arrow. The arrow hits Erica!
The arrow burns Erica.
You shoot an arrow. The arrow hits Erica.
The arrow burns Erica.
The sky beast flickers out of sight!
Deactivating autopickup; reactivate with Ctrl-A.
You shoot an arrow. The arrow hits Erica.
The arrow burns Erica.
You shoot an arrow. The arrow barely misses Erica.
Reactivating autopickup.
A sky beast appears from thin air!
Health restored: 56 You shoot an arrow.
The arrow misses Erica.
The sky beast flickers out of sight!
Deactivating autopickup; reactivate with Ctrl-A.
Erica completely misses you. Erica misses you.
Something hits you but does no damage.
Your +2 orcbow of flaming stops flaming.
You sense an unholy aura.
a - a +5 dagger of draining (weapon)
You hit Erica. You claw Erica! Something barely misses you.
Erica closely misses you. Erica misses you.
You closely miss Erica.
Erica hits you with a +2 scimitar of flaming.
Erica burns you. Erica closely misses you.
Something hits you but does no damage.
You take 4 damage, and have 52/56 hp.
You hit Erica. Something hits you but does no damage.
Erica says, "The claw is nothing compared to the sucker!"
Erica hits you with a +2 scimitar of flaming!
Erica burns you. Erica completely misses you.
You take 13 damage, and have 39/56 hp.
MASSIVE DAMAGE!!
You barely miss Erica. Your kick misses Erica. You barely miss Erica.
You claw Erica! You peck Erica. Something barely misses you.
Erica mumbles some strange words.
Erica flickers and vanishes!
You hit something. Your kick misses something. Your peck misses something.
Something hits you but does no damage. Something hits you! Something burns you.
You take 12 damage, and have 27/56 hp.
MASSIVE DAMAGE!!
Okay, then.
Okay, then.
Okay, then.
Okay, then.
You miscast Blink.
You are very lightly contaminated with residual magic.
Nothing appears to happen.
Something hits you but does no damage. Something hits you!
* * * LOW HITPOINT WARNING * * *
Something burns you!
* * * LOW HITPOINT WARNING * * *
Something grabs you.
You are constricted.
* * * LOW HITPOINT WARNING * * *
You take 25 damage, and have 2/56 hp.
MASSIVE DAMAGE!!
You now have 8/10 mp.
Unknown command.
You miscast Blink.
Nothing appears to happen.
Something hits you but does no damage. Something hits you!
You die...
Cheibriados appreciates the motionlessness of death.

**********##......ß..
***########**,,,,,,,,*##.....∩._.
,,,........,+,,,,,,,>+....##..ß..
***#.....#***,,,,,,,,*#######..)#
## #.....# ********,####....#..#
.###.....# *,#<.'....+...
..##.....# *,####....####
#..'.....# ########*,*###....####
.###.....# #....@{#*+*###....####
## #.##### #.####{...........####
# #..#### #.# *........##### #
##....###.# *....$...* #
####...#.# *........*
##########.#.# *........* #<....#
#.#.# *........* #####.# #...#
*.......,* #....##**#####
****+*****


There were no monsters in sight!

Vanquished Creatures
  A deep elf pyromancer (D:8)
  Grum (D:8)
  A steam dragon (D:6)
  2 sky beasts
  2 ice beasts (D:5)
  2 ogres
  3 wolves (D:8)
  A centaur (D:7)
  3 bullfrogs
  2 scorpions
  A howler monkey (D:5)
  2 bombardier beetles (D:4)
  An orc priest (D:6)
  2 sleepcaps (D:5)
  5 hounds
  5 jellies
  Crazy Yiuf (D:5)
  An iguana (D:5)
  Ijyb (D:5)
  2 orc wizards
  7 gnolls
  13 adders
  A shadow imp (D:5)
  2 ufetubi (D:6)
  A dart slug (D:4)
  2 ribbon worms
  10 orcs
  3 endoplasms
  8 giant cockroaches
  6 goblins
  10 hobgoblins
  6 jackals
  4 quokkas
  3 ball pythons
  4 bats
  6 frilled lizards
  4 kobolds
  8 rats
137 creatures vanquished.

Vanquished Creatures (others)
  A white imp (D:6)
1 creature vanquished.

Grand Total: 138 creatures vanquished

Notes
Turn   | Place    | Note
-------+----------+-------------------------------------------
     0 | D:1      | HilariousDeathArtist the Tengu Shapeshifter began the quest
                  | for the Orb.
     0 | D:1      | Reached XP level 1. HP: 12/12 MP: 2/2
   140 | D:1      | Reached XP level 2. HP: 16/16 MP: 3/3
   714 | D:1      | Reached skill level 1 in Stealth
   730 | D:1      | Found a faded altar of an unknown god.
   749 | D:1      | Prayed at the altar of an unknown god.
   885 | D:2      | Reached XP level 3. HP: 15/20 MP: 4/4
   951 | D:2      | Reached skill level 3 in Shapeshifting
  1014 | D:2      | Reached skill level 3 in Dodging
  1085 | D:2      | Reached skill level 2 in Fighting
  1165 | D:2      | Reached XP level 4. HP: 26/26 MP: 5/5
  1819 | D:3      | Reached skill level 2 in Stealth
  1821 | D:3      | Reached skill level 1 in Short Blades
  1828 | D:3      | Reached XP level 5. HP: 14/31 MP: 6/6
  2494 | D:4      | Reached skill level 2 in Short Blades
  2494 | D:4      | Reached XP level 6. HP: 32/36 MP: 7/7
  2527 | D:4      | Reached skill level 3 in Fighting
  2527 | D:4      | Reached skill level 3 in Stealth
  2666 | D:4      | Reached skill level 4 in Dodging
  2812 | D:5      | Entered Level 5 of the Dungeon
  2943 | D:5      | Noticed an ice beast
  2948 | D:5      | Reached skill level 3 in Short Blades
  2948 | D:5      | Gained mutation: Your magical flight helps you evade
                  | attacks. (EV +4) [Tengu growth]
  2948 | D:5      | Reached XP level 7. HP: 40/41 MP: 8/8
  3182 | D:5      | Reached skill level 4 in Stealth
  3420 | D:5      | Noticed Ijyb
  3526 | D:5      | Reached skill level 4 in Fighting
  3526 | D:5      | Reached skill level 5 in Dodging
  3537 | D:5      | Reached skill level 4 in Short Blades
  3750 | D:5      | Killed Ijyb
  3751 | D:5      | Reached XP level 8. HP: 48/48 MP: 9/9
  3943 | D:5      | Found a runed translucent door.
  3944 | D:5      | Noticed Crazy Yiuf
  4018 | D:5      | Killed Crazy Yiuf
  4213 | D:6      | Reached skill level 5 in Stealth
  4244 | D:6      | Reached skill level 5 in Fighting
  4373 | D:6      | Reached skill level 6 in Dodging
  4873 | D:6      | Reached skill level 6 in Stealth
  5181 | D:7      | Reached skill level 6 in Fighting
  5181 | D:7      | Reached XP level 9. HP: 45/55 MP: 10/10
  5313 | D:7      | Reached skill level 7 in Dodging
  5491 | D:7      | Reached skill level 1 in Ranged Weapons
  5618 | D:7      | Found a staircase to the Ecumenical Temple.
  5623 | Temple   | Entered the Ecumenical Temple
  5643 | Temple   | Learned a level 2 spell: Blink
  5645 | Temple   | Learned a level 1 spell: Apportation
  5650 | Temple   | Became a worshipper of Cheibriados the Contemplative
  5684 | D:8      | Found a snail-covered altar of Cheibriados.
  5686 | D:8      | Found Cheibriados's Comfort Zone.
  5688 | D:8      | Noticed a deep elf pyromancer
  5696 | D:8      | Killed a deep elf pyromancer
  5697 | D:8      | Reached skill level 2 in Ranged Weapons
  5697 | D:8      | Reached skill level 7 in Stealth
  5710 | D:8      | Noticed Erica
  5758 | D:8      | Noticed Grum
  5773 | D:8      | Reached skill level 3 in Ranged Weapons
  5776 | D:8      | Killed Grum
  5819 | D:8      | HP: 12/56 [something (16)]
  5819 | D:8      | HP: 4/56 [something (8)]
  5820 | D:8      | Mangled by Erica

Illustrated notes

Levels and vault maps discovered:
D:1:      nagdon_arrival_zigzag_paths, layout_loops_ring,
          hellmonk_ecumenical_altar_crossroads
D:2:      layout_rooms
D:3:      layout_loops_ring, kennysheep_generic_room_10
D:4:      layout_rooms
D:5:      layout_loops_corners, uniq_crazy_yiuf_cottage, uniq_ijyb
D:6:      layout_basic, nicolae_half_adder
D:7:      layout_basic, minmay_temple_entry_statues_pillars, serial_shops,
          nicolae_shop_tiny_real_fake_doors
D:8:      layout_basic, nicolae_overflow_hidden_temple,
          nicolae_uskayaw_dance_studio, enter_bailey_7, minmay_shop_chei,
          uniq_psyche, uniq_pikel, uniq_grum, uniq_erica
Temple:   nicolae_temple_no_exploring_needed

Skill      XL: |  1  2  3  4  5  6  7  8  9 |
---------------+----------------------------+-----
Stealth        | 1 2 3 4 6 7 |  7.4
Shapeshifting  | 3 |  3.0
Dodging        | 3 4 5 6 7 |  7.8
Fighting       | 2 3 4 6 |  6.9
Short Blades   | 1 2 3 4 |  4.0
Ranged Weapons | 3 |  3.2
Unarmed Combat | |  3.3

Action                     |  1- 3 |  4- 6 |  7- 9 || total
---------------------------+-------+-------+-------++-------
  Melee: Dagger            |    57 |    90 |   139 ||   286
         Unarmed           |     4 |       |       ||     4
         Peck              |     5 |    17 |    23 ||    45
         Kick              |    10 |    19 |    39 ||    68
   Fire: Orcbow            |       |       |    22 ||    22
  Throw: Javelin           |     2 |       |       ||     2
    Use: Potion            |       |     1 |       ||     1
         Scroll            |       |     5 |     8 ||    13
   Stab: Sleeping          |     1 |     4 |    12 ||    17
         Distracted        |       |     1 |     1 ||     2
 Armour: Animal skin       |    22 |    30 |       ||    52
         Leather armour    |       |     5 |    51 ||    56
  Dodge: Dodged            |    36 |    31 |   128 ||   195
         Form:             |       |       |     1 ||     1

Table legend: (Time is in decaauts)
 A = Elapsed time spent in this place.
 B = Non-inter-level travel time spent in this place.
 C = Inter-level travel time spent in this place.
 D = Time resting spent in this place.
 E = Time spent auto-exploring this place.
 F = Levels seen in this place.
 G = Mean time per level.
                   A        B        C        D        E       F      G
               +--------+--------+--------+--------+--------+-----+--------+
         Total |   5803 |   5425 |    378 |      0 |   4560 |   9 |  644.8 |
       Dungeon |   5768 |   5403 |    365 |      0 |   4560 |   8 |  721.0 |
        Temple |     34 |     22 |     12 |      0 |      0 |   1 |   34.0 |
               +--------+--------+--------+--------+--------+-----+--------+

Top non-repeatable levels by time:
     D:5: 1358 daAuts
     D:6: 960 daAuts
     D:1: 854 daAuts
     D:3: 848 daAuts
     D:4: 564 daAuts
     D:2: 536 daAuts
     D:7: 481 daAuts
     D:8: 163 daAuts
  Temple: 34 daAuts

Levels and vault maps discovered:
D:1:      nagdon_arrival_zigzag_paths, layout_loops_ring,
          hellmonk_ecumenical_altar_crossroads
D:2:      layout_rooms
D:3:      layout_loops_ring, kennysheep_generic_room_10
D:4:      layout_rooms
D:5:      layout_loops_corners, uniq_crazy_yiuf_cottage, uniq_ijyb
D:6:      layout_basic, nicolae_half_adder
D:7:      layout_basic, minmay_temple_entry_statues_pillars, serial_shops,
          nicolae_shop_tiny_real_fake_doors
D:8:      layout_basic, nicolae_overflow_hidden_temple,
          nicolae_uskayaw_dance_studio, enter_bailey_7, minmay_shop_chei,
          uniq_psyche, uniq_pikel, uniq_grum, uniq_erica
Temple:   nicolae_temple_no_exploring_needed

Table legend: (Time is in decaauts)
 A = Elapsed time spent in this place.
 B = Non-inter-level travel time spent in this place.
 C = Inter-level travel time spent in this place.
 D = Time resting spent in this place.
 E = Time spent auto-exploring this place.
 F = Levels seen in this place.
 G = Mean time per level.
                   A        B        C        D        E       F      G
               +--------+--------+--------+--------+--------+-----+--------+
         Total |   5803 |   5425 |    378 |      0 |   4560 |   9 |  644.8 |
       Dungeon |   5768 |   5403 |    365 |      0 |   4560 |   8 |  721.0 |
        Temple |     34 |     22 |     12 |      0 |      0 |   1 |   34.0 |
               +--------+--------+--------+--------+--------+-----+--------+

Top non-repeatable levels by time:
     D:5: 1358 daAuts
     D:6: 960 daAuts
     D:1: 854 daAuts
     D:3: 848 daAuts
     D:4: 564 daAuts
     D:2: 536 daAuts
     D:7: 481 daAuts
     D:8: 163 daAuts
  Temple: 34 daAuts

Table legend:
 A = Kills in this place as a percentage of kills in the entire game.
 B = Kills by you in this place as a percentage of kills by you in the entire game.
 C = Kills by friends in this place as a percentage of kills by friends in the entire game.
 D = Other kills in this place as a percentage of other kills in the entire game.
 E = Experience gained in this place as a percentage of experience gained in the entire game.
 F = Experience gained in this place divided by the number of levels of this place that you have seen.
                   A       B       C       D       E      F
               +-------+-------+-------+-------+-------+----------------------
         Total | 100.0 | 100.0 |   N/A | 100.0 | 100.0 | 446.0
       Dungeon | 100.0 | 100.0 |   N/A | 100.0 | 100.0 | 501.8
               +-------+-------+-------+-------+-------+----------------------
